 Dungeon Crawl Stone Soup version 0.25.1-2-g60ff931df9 (webtiles) character file.

Game seed: 12177432312694240793

2629 solopath the Slasher (level 9, 0/61 HPs)
             Began as a Demonspawn Gladiator on Oct 27, 2020.
             Was a Priest of Vehumet.
             Slain by an orc warlord
             ... wielding a +0 war axe
              (10 damage)
             ... in a bailey.
             The game lasted 00:17:02 (9340 turns).

solopath the Slasher (Demonspawn Gladiator)         Turns: 9340, Time: 00:17:02

Health: 0/61       AC:  8    Str: 16    XL:     9   Next: 35%
Magic:  0/16       EV: 13    Int: 12    God:    Vehumet [***...]
Gold:   318        SH:  0    Dex: 14    Spells: 5/18 levels left

rFire    x . .     SeeInvis .   u - +9 falchion of Hedodwea {vorpal, MR+}
rCold    + . .     Gourm    .   (no shield)
rNeg     . . .     Faith    .   F - +0 acid dragon scales
rPois    .         Spirit   +   c - +0 helmet
rElec    .         Reflect  .   n - +0 cloak
rCorr    +         Harm     .   (no gloves)
MR       +....                  (no boots)
Stlth    ++........             j - amulet of magic regeneration
HPRegen  0.20/turn              J - ring of ice
MPRegen  0.55/turn              (no ring)

@: very slightly contaminated
A: talons 1, spiny 2, magic shield, magic regeneration, sturdy frame 1
a: Renounce Religion


You were in a bailey.
You worshipped Vehumet.
Vehumet was most pleased with you.
You were hungry.

You visited 1 branch of the dungeon, and saw 9 of its levels.
You also visited: Bailey.

You collected 461 gold pieces.
You spent 143 gold pieces at shops.

Inventory:

Hand Weapons
 a - a +1 long sword
 u - the +9 falchion of Hedodwea (weapon) {vorpal, MR+}
   (You found it on level 9 of the Dungeon)

   It inflicts extra damage upon your enemies.
   It affects your resistance to hostile enchantments.
Missiles
 d - 3 throwing nets (quivered)
 r - 148 stones
Armour
 b - a +0 leather armour
 c - a +0 helmet (worn)
 n - a +0 cloak (worn)
 s - a +0 kite shield
 v - a +1 leather armour of poison resistance
 x - a +0 leather armour
 F - +0 acid dragon scales (worn)
Jewellery
 i - an uncursed amulet of guardian spirit
 j - an amulet of magic regeneration (around neck)
 A - an uncursed amulet of the acrobat
 J - a ring of ice (left hand)
Wands
 w - a wand of iceblast (6)
 y - a wand of paralysis (6)
 z - a wand of digging (6)
 D - a wand of flame (19)
 E - a wand of clouds (5)
Scrolls
 e - 2 scrolls of blinking
 h - 3 scrolls of teleportation
 k - 6 scrolls of identify
 l - a scroll of fear
 p - a scroll of amnesia
 q - 4 scrolls of fog
 t - 4 scrolls of remove curse
 B - 2 scrolls of enchant weapon
 G - 4 scrolls of enchant armour {unknown}
Potions
 g - 6 potions of curing
 m - 2 potions of lignification
 o - a potion of invisibility {unknown}
 C - a potion of stabbing {unknown}
 H - a potion of heal wounds
 I - 3 potions of brilliance {unknown}
 K - a potion of magic {unknown}
Comestibles
 f - 16 rations
 L - 2 chunks of flesh


   Skills:
 - Level 2.0 Fighting
 * Level 7.9 Long Blades
 - Level 1.7 Throwing
 + Level 1.6 Armour
 - Level 2.6 Dodging
 - Level 2.2 Stealth
 - Level 2.4 Shields
 * Level 5.1 Spellcasting
 * Level 3.8 Conjurations
 + Level 0.2 Fire Magic
 - Level 1.1 Air Magic
 - Level 4.2 Earth Magic


You had 5 spell levels left.
You knew the following spells:

 Your Spells              Type           Power        Failure   Level  Hunger
a - Sandblast             Erth           ##....       1%          1    None
b - Mephitic Cloud        Conj/Pois/Air  #.......     9%          3    ###....
c - Sticky Flame          Conj/Fire      #.......     24%         4    ####...
d - Blink                 Tloc           N/A          32%         2    ##.....
e - Conjure Flame         Conj/Fire      #.......     8%          3    ###....

Your spell library contained the following spells:

 Spells                   Type           Power        Failure   Level  Hunger
 Magic Dart               Conj           ##..         1%          1    None
 Call Imp                 Summ           #.......     32%         2    ##.....
 Slow                     Hex            #.......     32%         2    ##.....


Dungeon Overview and Level Annotations

Branches:
Dungeon (9/15)             Temple (0/1) D:6          Bailey (1/1)
   Lair: D:8-11         Orc: D:9-12

Altars:
Ashenzari
Vehumet

Shops:
D:6 [


Innate Abilities, Weirdness & Mutations

You have sharp toenails.
You are mostly covered in sharp spines.
When hurt, damage is shared between your health and your magic reserves.
You regenerate magic rapidly.
Your movements are slightly less encumbered by armour. (ER -2)


Message History

Unknown command.
You hit the orc warlord but do no damage.
Your kick misses the orc warlord.
The orc warlord is lightly wounded.
The orc warlord is engulfed in noxious fumes.
The orc warlord is struck by your spines.
The orc warlord hits you with a +0 war axe!!
Unknown command.
You are too injured to fight recklessly!
The orc warlord is engulfed in noxious fumes.
Things that are here:
3 boomerangs; a kobold skeleton The orc warlord hits you with a +0 war axe!!
* * * LOW HITPOINT WARNING * * *
There is an open gate, spattered with blood here.
There is an empty arch of ancient stone here.
There is a gate leading back out of this place here.
The orc warlord is struck by your spines.
The orc warlord hits you with a +0 war axe!
You die...

#....)................)...#
##..........(((......)...##
##...8...##'''##...8...##
##.....##...g.##.....##
##...##.......##...##
#####.........#####
≈≈≈....∩....≈≈≈≈
≈≈≈....o....≈≈≈≈
♣♣♣♣♣♣.@.♣♣♣♣♣♣♣ ♣♣♣♣♣


You could see an orc warlord and a goblin.

Vanquished Creatures
  Maggie (D:7)
  A hippogriff (D:8)
  A water moccasin (D:6)
  4 orc warriors
  2 phantoms (D:4)
  A necrophage (D:8)
  2 centaurs
  A wyvern zombie (D:8)
  2 scorpions
  A howler monkey (D:4)
  A crimson imp (D:9)
  A quasit (D:8)
  A centaur zombie (D:5)
  A hound (D:6)
  2 orc priests
  2 centaur skeletons
  A jelly (D:9)
  6 orc wizards
  7 iguanas
  Natasha (thrice) (D:3)
  7 worker ants
  A worker ant zombie (D:5)
  5 gnolls
  14 adders
  2 oozes (D:5)
  2 adder skeletons
  An adder zombie (D:5)
  A worm (D:4)
  3 dart slugs
  4 leopard geckos
  18 orcs
  A ball python (D:2)
  9 bats
  5 giant cockroaches
  13 goblins
  7 hobgoblins
  13 jackals
  22 kobolds
  4 quokkas
  2 frilled lizards
  3 leopard gecko skeletons
  A leopard gecko zombie (D:5)
  A quokka skeleton (D:7)
  9 rats
189 creatures vanquished.

Vanquished Creatures (others)
  A hound (D:7)
1 creature vanquished.

Grand Total: 190 creatures vanquished

Notes
Turn   | Place    | Note
-------+----------+-------------------------------------------
     0 | D:1      | solopath the Demonspawn Gladiator began the quest for the
                  | Orb.
     0 | D:1      | Reached XP level 1. HP: 16/16 MP: 1/1
    48 | D:1      | Reached skill level 3 in Long Blades
    53 | D:1      | Gained mutation: You are partially covered in sharp spines.
                  | [demonic ancestry]
    53 | D:1      | Reached XP level 2. HP: 21/22 MP: 2/2
   305 | D:1      | Reached skill level 1 in Stealth
   459 | D:1      | Reached XP level 3. HP: 27/27 MP: 3/3
  1228 | D:2      | Reached skill level 4 in Long Blades
  1228 | D:2      | Gained mutation: Your movements are slightly less
                  | encumbered by armour. (ER -2) [demonic ancestry]
  1228 | D:2      | Reached XP level 4. HP: 33/33 MP: 4/4
  1993 | D:3      | Found a faded altar of an unknown god.
  2066 | D:3      | Became a worshipper of Vehumet
  2066 | D:3      | Reached * piety under Vehumet
  2066 | D:3      | Offered knowledge of Sandblast by Vehumet.
  2069 | D:3      | Learned a level 1 spell: Sandblast
  2112 | D:3      | Noticed Natasha
  2120 | D:3      | Killed Natasha
  2120 | D:3      | Gained mutation: When hurt, damage is shared between your
                  | health and your magic reserves. [demonic ancestry]
  2120 | D:3      | Reached XP level 5. HP: 21/38 MP: 5/5
  2392 | D:3      | Reached skill level 1 in Earth Magic
  2692 | D:3      | Noticed Natasha
  2699 | D:3      | Killed Natasha
  2699 | D:3      | Reached skill level 5 in Long Blades
  2744 | D:3      | Noticed Natasha
  2758 | D:3      | Killed Natasha
  2758 | D:3      | Reached skill level 1 in Spellcasting
  2758 | D:3      | Gained mutation: You are mostly covered in sharp spines.
                  | [demonic ancestry]
  2758 | D:3      | Reached XP level 6. HP: 30/44 MP: 5/7
  3689 | D:4      | Reached XP level 7. HP: 50/50 MP: 9/9
  4199 | D:4      | Reached ** piety under Vehumet
  4207 | D:4      | Offered knowledge of Searing Ray by Vehumet.
  4227 | D:4      | Reached skill level 6 in Long Blades
  4815 | D:5      | Entered Level 5 of the Dungeon
  4833 | D:5      | Reached skill level 1 in Shields
  5491 | D:5      | Gained mutation: You have sharp toenails. [demonic
                  | ancestry]
  5491 | D:5      | Reached XP level 8. HP: 45/56 MP: 10/12
  6121 | D:5      | Offered knowledge of Mephitic Cloud by Vehumet.
  6126 | D:5      | Learned a level 3 spell: Mephitic Cloud
  6473 | D:6      | Found a staircase to the Ecumenical Temple.
  6507 | D:6      | Reached skill level 1 in Conjurations
  6970 | D:6      | Found Moiwajic's Armour Shop.
  6977 | D:6      | Bought a +1 leather armour of poison resistance for 143
                  | gold pieces
  7033 | D:6      | Reached skill level 7 in Long Blades
  7280 | D:7      | Found a shattered altar of Ashenzari.
  7421 | D:7      | Noticed Maggie
  7438 | D:7      | Killed Maggie
  7772 | D:7      | Reached skill level 1 in Air Magic
  7931 | D:8      | Reached *** piety under Vehumet
  8155 | D:8      | Gained mutation: You regenerate magic rapidly. [demonic
                  | ancestry]
  8155 | D:8      | Reached XP level 9. HP: 58/61 MP: 15/15
  8621 | D:8      | Reached skill level 1 in Armour
  8920 | D:9      | Got a crystal falchion
  8921 | D:9      | Identified the +9 falchion of Hedodwea {vorpal, MR+} (You
                  | found it on level 9 of the Dungeon)
  8933 | D:9      | Found a flagged portal.
  8956 | Bailey   | Entered a bailey
  8981 | Bailey   | Noticed an orc warlord
  9031 | Bailey   | Offered knowledge of Sticky Flame by Vehumet.
  9043 | Bailey   | Learned a level 4 spell: Sticky Flame
  9072 | Bailey   | Reached skill level 5 in Spellcasting
  9080 | Bailey   | Learned a level 2 spell: Blink
  9084 | Bailey   | Learned a level 3 spell: Conjure Flame
  9157 | Bailey   | Found a runed translucent gate.
  9159 | Bailey   | Found a runed translucent gate.
  9161 | Bailey   | Found a runed translucent gate.
  9340 | Bailey   | Slain by an orc warlord

Illustrated notes

Levels and vault maps discovered:
D:1:      minmay_arrival_split_and_join, layout_rooms, serial_corexii_hall,
          corexii_hall_statues_l, chequers_hall_statues_y,
          corexii_hall_statues_i
D:2:      layout_basic
D:3:      layout_loops_ring, chequers_ecumenical_altar_simple,
          minmay_misc_feat_rugged, uniq_natasha
D:4:      layout_loops_ring
D:5:      layout_gridville, first_ration
D:6:      layout_loops_cross, minmay_temple_entry_tees, serial_shops,
          nicolae_shop_temple_entry_statues_fountains
D:7:      layout_gridville, kennysheep_little_box, uniq_maggie
D:8:      layout_basic
D:9:      layout_rooms, enter_bailey_6, uniq_harold, uniq_erolcha
Bailey:   bailey_axe_bossmonster_kennysheep, bailey

Skill      XL: |  1  2  3  4  5  6  7  8  9 |
---------------+----------------------------+-----
Long Blades    | 3 4 5 6 7 |  7.9
Stealth        | 1 2 |  2.2
Earth Magic    | 1 2 4 |  4.2
Spellcasting   | 1 2 4 5 |  5.1
Shields        | 1 2 |  2.4
Conjurations   | 2 3 |  3.8
Air Magic      | 1 |  1.1
Armour         | 1 |  1.6
Fighting       | |  2.0
Throwing       | |  1.7
Dodging        | |  2.6
Fire Magic     | |  0.2

Action                   |  1- 3 |  4- 6 |  7- 9 || total
-------------------------+-------+-------+-------++-------
Melee: Long sword        |    68 |   119 |   248 ||   435
       Kick              |       |       |    54 ||    54
       Falchion          |       |       |    37 ||    37
 Cast: Sandblast         |       |     1 |     5 ||     6
       Mephitic Cloud    |       |       |     7 ||     7
  Use: Potion            |       |     3 |     1 ||     4
       Scroll            |       |       |    13 ||    13
 Stab: Sleeping          |     4 |     5 |     7 ||    16
       Distracted        |       |     1 |       ||     1
  Eat: Chunk             |     1 |     8 |    18 ||    27
Armor: Leather armour    |    18 |    18 |    37 ||    73
       Skin              |       |    23 |       ||    23
       Acid dragon scale |       |       |    34 ||    34
Dodge: Dodged            |    36 |    58 |   177 ||   271
       Rpst.: Long sword |    11 |    22 |    35 ||    68
       Falchion          |       |       |     3 ||     3
